Map: 永恒梦境-天梯版

Players

夜蝶蝶蝶蝶蝶蝶蝶 (Firefly)

  • Race: Protoss Protoss

iGMacSed (MacSed) - Winner!

  • Race: Protoss Protoss
  • League: Master

Event: DreamHack SC2 Masters 2020 Fall

VOD

Have the link to the VOD?

Description

Time

  • Played on: Sept. 3, 2020, 9:18 a.m.
  • Length: 6:37

All games in this series

Show
View Real Time Build Order
Export as new Build Order

夜蝶蝶蝶蝶蝶蝶蝶 Protoss 

Build Orders:  

Get SALT Encoding   

  12  0:00  Probe  
  13  0:12  Probe  
  14  0:17  Pylon  
  14  0:24  Probe (Chrono Boost)  
  15  0:36  Probe (Chrono Boost)  
  15  0:38  Gateway  
  16  0:45  Probe (Chrono Boost)  
  16  0:46  Assimilator  
  17  0:51  Probe  
  17  0:54  Assimilator  
  18  1:03  Probe  
  19  1:07  Gateway  
  19  1:15  Probe  
  20  1:24  Cybernetics Core  
  20  1:27  Probe  
  21  1:39  Probe  
  22  1:43  Pylon  
  22  1:52  Probe  
  23  1:58  Warp Gate (Chrono Boost)  
  23  2:00  Adept  
  23  2:01  Adept  
  27  2:08  Pylon  
  27  2:16  Pylon  
  27  2:33  Stalker x2  
  31  2:38  Pylon  
  31  2:41  Pylon  
  31  2:59  Gateway  
  35  3:11  Stalker x2 (Chrono Boost)  
  35  3:25  Shield Battery  
  35  3:46  Stalker  
  35  3:47  Stalker  
  39  3:55  Stalker  
  41  4:07  Nexus  
  39  4:14  Sentry  
  39  4:17  Stalker  
  38  4:29  Probe  
  37  4:31  Stalker  
  37  4:41  Stalker  
  37  4:44  Probe  
  40  4:49  Sentry  
  41  4:56  Probe  
  34  5:08  Probe  
  34  5:10  Sentry  
  34  5:12  Sentry  
  37  5:20  Probe (Chrono Boost)  
  34  5:26  Probe (Chrono Boost)  
  31  5:32  Probe (Chrono Boost)  
  32  5:37  Probe (Chrono Boost)  
  32  5:40  Probe (Chrono Boost)  
  34  5:43  Stalker  
  34  5:45  Probe  
  34  5:47  Probe  
  31  5:57  Probe  
  32  5:59  Probe  
  33  6:10  Probe  
  34  6:11  Probe  
  35  6:22  Probe  
Show
View Real Time Build Order
Export as new Build Order

iGMacSed Protoss - Winner!

Build Orders: Oracle Opening 

Get SALT Encoding   

  12  0:00  Probe  
  13  0:12  Probe  
  14  0:16  Pylon  
  14  0:24  Probe (Chrono Boost)  
  16  0:36  Gateway, Probe (Chrono Boost)  
  16  0:43  Probe (Chrono Boost)  
  16  0:46  Assimilator  
  17  0:51  Probe  
  17  0:55  Assimilator  
  18  1:03  Probe (Chrono Boost)  
  19  1:09  Gateway  
  20  1:12  Probe (Chrono Boost)  
  20  1:17  Probe (Chrono Boost)  
  20  1:24  Cybernetics Core  
  21  1:29  Probe  
  22  1:34  Pylon  
  22  1:41  Probe  
  23  1:53  Probe  
  24  2:01  Warp Gate, Stalker  
  24  2:02  Stalker  
  24  2:05  Probe  
  29  2:11  Pylon  
  29  2:23  Pylon  
  29  2:27  Stargate  
  29  2:47  Nexus  
  29  2:56  Stalker  
  31  3:05  Stalker  
  33  3:09  Oracle (Chrono Boost)  
  36  3:19  Shield Battery  
  36  3:27  Shield Battery  
  37  3:36  Pylon  
  37  3:39  Oracle (Chrono Boost)  
  36  3:48  Shield Battery  
  39  3:54  Probe  
  40  4:01  Shield Battery  
  40  4:02  Stalker  
  42  4:10  Sentry  
  42  4:21  Pylon  
  42  4:22  Pylon  
  42  4:30  Void Ray (Chrono Boost)  
  43  4:46  Stalker  
  45  5:02  Stalker  
  41  5:14  Stalker  
  41  5:16  Probe x2  
  45  5:22  Void Ray (Chrono Boost)  
  45  5:28  Pylon, Probe x2  
  43  5:32  Shield Battery  
  43  5:34  Pylon  
  47  5:38  Adept  
  50  5:43  Probe (Chrono Boost)  
  50  5:50  Probe (Chrono Boost)  
  49  6:00  Probe x2 (Chrono Boost)  
  49  6:01  Shield Battery  
  49  6:02  Adept  
  49  6:03  Adept  
  54  6:05  Probe (Chrono Boost)  
  54  6:06  Probe (Chrono Boost)  
  56  6:15  Twilight Council  
  56  6:16  Probe  

Tags
 
Add a new tag
Caveats
  • Supply blocks, unpowered buildings, or Contaminate may cause inaccurate times.
  • Supply counts are checked every 10 seconds.